 Dungeon Crawl Stone Soup version 0.31-a0-190-g4feb4907b2 (webtiles) character file.

Game seed: 7623245915328363900

33 qw the Shooter (level 3, 0/20 HPs)
             Began as a Deep Elf Hunter on June 23, 2023.
             Slain by a goblin
             ... wielding a +0 dagger
             ... led by Robin
              (3 damage)
             ... on level 2 of the Dungeon.
             The game lasted 00:00:23 (1177 turns).

qw the Shooter (Deep Elf Hunter)                    Turns: 1177, Time: 00:00:23

Health: 0/20       AC:  5    Str: 10    XL:     3   Next: 12%
Magic:  5/5        EV: 11    Int: 13    God:
Gold:   32         SH:  0    Dex: 18    Spells: 2/2 levels left

rFire   . . .        Y - +0 shortbow
rCold   . . .        (shield currently unavailable)
rNeg    . . .        f - +0 ring mail
rPois   .            (no helmet)
rElec   .            (no cloak)
rCorr   .            (no gloves)
SInv    .            (no boots)
Will    .....        (no amulet)
Stlth   +            (no ring)
HPRegen 0.23/turn    (no ring)
MPRegen 0.09/turn

%: no passive effects
@: no status effects
A: no striking features
a: no special abilities


You were on level 2 of the Dungeon.
You visited 1 branch of the dungeon, and saw 2 of its levels.

You collected 32 gold pieces.


   Skills:
 - Level 1.5 Fighting
 + Level 6.7 Ranged Weapons
 - Level 2.4 Dodging
 - Level 1.2 Stealth


You had 2 spell levels left.
You didn't know any spells.
Your spell library was empty.

Inventory:

Hand Weapons
 Y - a +0 shortbow (weapon)
Armour
 b - a +2 helmet
 f - a +0 ring mail (worn)
Scrolls
 a - a scroll of immolation {unknown}
 c - a scroll of identify {unknown}

Dungeon Overview and Level Annotations

Branches:
Dungeon (2/15)

Altars:


Message History

Increase (S)trength, (I)ntelligence, or (D)exterity?
You feel stronger. x2
You shoot an arrow. The arrow closely misses the goblin.
The arrow hits the goblin.
You kill the goblin!
You shoot an arrow. The arrow closely misses the goblin.
The arrow hits the goblin!
You kill the goblin!
A goblin comes into view. It is wielding a +0 dagger.
Robin of the Strong Arm comes into view.
They are wielding a +0 short sword.
You shoot an arrow. The arrow hits the goblin.
The goblin is heavily wounded.
The goblin barely misses you. Robin throws the goblin at you!
You shoot an arrow. The arrow closely misses the goblin.
The arrow hits the goblin but does no damage.
The goblin barely misses you. Robin throws the goblin at you!
The goblin hits you but does no damage. The goblin closely misses you.
The goblin hits you but does no damage. The goblin closely misses you.
You shoot an arrow. The arrow hits the goblin!
You kill the goblin!
The goblin hits you but does no damage. The goblin hits you with a +0 club.
You shoot an arrow. The arrow misses the goblin.
The goblin hits you with a +0 dagger. The goblin hits you with a +0 club.
A goblin comes into view. It is wielding a +0 club.
You shoot an arrow. The arrow hits Robin.
Robin is moderately wounded.
The goblin barely misses you. The goblin closely misses you.
Robin roars a battlecry!
The goblins go into a battle-frenzy!
You hear a shout! x2
You shoot an arrow. The arrow hits Robin!
Robin is almost dead.
The goblin hits you with a +0 dagger. The goblin hits you with a +0 club.
Robin barely misses you.
You shoot an arrow. The arrow hits Robin.
You kill Robin!
The goblin hits you with a +0 club. The goblin closely misses you.
A goblin comes into view. It is wielding a +0 club.
The goblin barely misses you. The goblin hits you with a +0 dagger.
You die...

..# #)# #)# )g. #g#
#.# #)# #######
#@###### #.....#
#gg....## #(...(#
#.####..#
#.....###########.#
#.......%.........#
#.....###...)...###
##..### #.......#
##...## #..)....#
##.....####..~...~#


You could see 4 goblins.

Vanquished Creatures
  Robin (D:2)
  An endoplasm (D:2)
  8 goblins
  3 hobgoblins
  3 jackals (D:1)
  2 quokkas
  3 ball pythons
  4 bats (D:1)
  2 kobolds (D:1)
  2 rats (D:1)
29 creatures vanquished.

Notes
Turn   | Place    | Note
-------+----------+-------------------------------------------
     0 | D:1      | qw the Deep Elf Hunter began the quest for the Orb.
     0 | D:1      | Reached XP level 1. HP: 12/12 MP: 3/3
     0 | D:1      | 0 ||| qw: Version: 0.3-a-9-g12657ce
     0 | D:1      | 0 ||| qw: Game counter: 4543
     0 | D:1      | 0 ||| qw: Always use a shield: true
     0 | D:1      | 0 ||| qw: God list: Okawaru
     0 | D:1      | 0 ||| qw: Allow faded altars: false
     0 | D:1      | 0 ||| qw: Do Orc after D:15 true
     0 | D:1      | 0 ||| qw: Do second Lair branch before Depths: true
     0 | D:1      | 0 ||| qw: Lair rune preference: random
     0 | D:1      | 0 ||| qw: Plans: Normal
     0 | D:1      | 0 ||| PLANNING D:1-11
   192 | D:1      | Reached XP level 2. HP: 16/16 MP: 4/4
   240 | D:1      | Reached skill level 6 in Ranged Weapons
   942 | D:1      | 942 ||| UPGRADING to +0 ring mail.
   952 | D:1      | 952 ||| DROPPING +0 leather armour.
   953 | D:1      | 953 ||| READING scroll labelled RYXESA POTEOG.
   954 | D:1      | 954 ||| READING scroll labelled KETWUTO KEVO.
   957 | D:1      | 957 ||| READING scroll labelled PEKLUEMM DUDD.
   985 | D:1      | 985 ||| DROPPING scroll of butterflies.
  1169 | D:2      | Reached XP level 3. HP: 20/20 MP: 5/5
  1170 | D:2      | Noticed Robin
  1177 | D:2      | Killed Robin
  1177 | D:2      | HP: 3/20 [goblin/+0 club[Robin] (3)]
  1177 | D:2      | Slain by a goblin

Levels and vault maps discovered:
D:1:      amcnicky_arrival_underground_garden, layout_loops_ring, serial_forest,
          infiniplex_forest_corner_1, infiniplex_forest_join,
          infiniplex_forest_lined_corner, infiniplex_forest_clump_medium,
          infiniplex_forest_clump_double, infiniplex_forest_clump_long,
          infiniplex_forest_end_3, infiniplex_forest_clump_double,
          infiniplex_forest_clump_medium
D:2:      layout_loops_cross, minmay_goblin_outpost, uniq_natasha, uniq_robin

Skill      XL: |  1  2 |
---------------+-------+-----
Ranged Weapons | 6 |  6.7
Fighting       | |  1.5
Dodging        | |  2.4
Stealth        | |  1.2

Action                     || total
---------------------------++-------
   Fire: Shortbow          ||    79
    Use: Scroll            ||     3
 Armour: Leather armour    ||    14
         Ring mail         ||     4
  Dodge: Dodged            ||    36

Table legend:
 A = Non-vault XP
 B = Vault XP
 C = Vault XP percentage of total XP
 D = Non-vault monster count
 E = Vault monster count
 F = Vault count percentage of total count
                 A         B        C        D         E       F
            +---------+---------+-------+---------+---------+-------
      Total |      32 |      31 |  49.2 |      20 |       9 |  31.0
            +---------+---------+-------+---------+---------+-------
        D:1 |      27 |       0 |   0.0 |      17 |       0 |   0.0
        D:2 |       5 |      31 |  86.1 |       3 |       9 |  75.0
            +---------+---------+-------+---------+---------+-------
